 Dungeon Crawl Stone Soup version 0.31-a0-152-g6aa68a64a1 (webtiles) character file.

Game seed: 4371583084872513379

1650 qw the Skirmisher (level 9, -2/56 HPs)
             Began as a Gargoyle Hunter on June 10, 2023.
             Was a Follower of Okawaru.
             Slain by a yak (10 damage)
             ... on level 6 of the Dungeon.
             The game lasted 00:01:59 (3794 turns).

qw the Skirmisher (Gargoyle Hunter)                 Turns: 3794, Time: 00:02:00

Health: -2/56      AC: 14    Str: 16    XL:     9   Next: 0%
Magic:  8/11       EV: 15    Int:  9    God:    Okawaru [*.....]
Gold:   335        SH:  0    Dex: 17    Spells: 8/8 levels left

rFire   . . .        Y - +0 arbalest
rCold   + . .        (shield currently unavailable)
rNeg    + . .        g - +0 leather armour of Zoqoy {rC+ rCorr Stlth-}
rPois   inf          (no helmet)
rElec   +            (no cloak)
rCorr   +            (no gloves)
SInv    .            (no boots)
Will    .....        (no amulet)
Stlth   ++           d - +4 ring of protection
HPRegen 0.29/turn    (no ring)
MPRegen 0.12/turn

%: no passive effects
@: about to teleport, heroic
A: sickness immunity, AC +6, negative energy resistance 1, electricity
resistance, torment resistance 1, petrification resistance
a: Renounce Religion, Heroism


You were on level 6 of the Dungeon.
You worshipped Okawaru.
Okawaru was aware of your devotion.
You visited 1 branch of the dungeon, and saw 6 of its levels.
You also visited: Sewer.

You collected 335 gold pieces.


Innate Abilities, Weirdness & Mutations

You are immune to sickness and miasma.
Your stone body is resilient. (AC +6)
You are immune to poison.
You resist negative energy. (rN+)
You are resistant to electric shocks. (rElec)
You are resistant to unholy torment.
You are immune to petrification.


   Skills:
 - Level 6.7(11.7) Fighting
 + Level 9.4(14.4) Ranged Weapons
 - Level 1.2(6.2) Armour
 - Level 2.0(7.0) Dodging
 - Level 1.1(6.1) Stealth
 + Level 3.4 Invocations


You had 8 spell levels left.
You didn't know any spells.
Your spell library was empty.

Inventory:

Hand Weapons
 Y - a +0 arbalest (weapon)
Armour
 a - a +2 robe of fire resistance
 g - the +0 leather armour of Zoqoy (worn) {rC+ rCorr Stlth-}
   (You found it on level 4 of the Dungeon)

   rC:        It protects you from cold.
   rCorr:     It protects you from acid and corrosion.
   Stlth:     It makes you less stealthy.
Jewellery
 d - a +4 ring of protection (left hand)
Scrolls
 b - 3 scrolls of teleportation
 c - 7 scrolls of identify
 f - a scroll of enchant armour
Potions
 e - 2 potions of curing

Dungeon Overview and Level Annotations

Branches:
Dungeon (6/15)             Temple (0/1) D:4           Sewer (visited)

Altars:
Ashenzari
Okawaru
Vehumet
Yredelemnul

Annotations:
D:2 1 runed translucent door, Crazy Yiuf


Message History

The yak gores you but does no damage. The yak gores you.
The yak barely misses you.
Your Fighting skill increases to level 6!
You shoot a bolt. The bolt hits the yak!
The yak is severely wounded.
The yak gores you. x2
You shoot a bolt. The bolt barely misses the yak.
The yak gores you but does no damage. The yak closely misses you.
The yak gores you but does no damage. The yak gores you.
You shoot a bolt. The bolt hits the yak.
The yak is almost dead.
The yak misses you. The yak gores you!
3789 ||| INVOKING Heroism.
You gain the combat prowess of a mighty hero.
You can no longer gain great but temporary skills.
The yak gores you! The yak gores you but does no damage.
You shoot a bolt. The bolt barely misses the yak.
The yak gores you.
The yak snorts and paws the ground.
The yak closely misses you.
You shoot a bolt. The bolt hits the yak!
You kill the yak!
Okawaru accepts your kill.
You can now gain great but temporary skills.
The yak misses you.
You have reached level 9!
Your experience leads to an increase in your attributes!
Increase (S)trength, (I)ntelligence, or (D)exterity?
You feel agile. x2
You shoot a bolt.
The bolt hits the yak but does no damage.
The yak barely misses you. The yak gores you.
You shoot a bolt. The bolt hits the yak!
The yak is moderately wounded.
The yak gores you!
3794 ||| READING 4 scrolls of teleportation.
As you read the scroll of teleportation, it crumbles to dust.
You feel strangely unstable. The yak gores you!
You die...

##.....#...##
#..........#### ...
#.....###.....###.. .
#.....# #..#....... .(
#.....# #..#...<... ...
#.....# #..........)...
#.....# #......##......
#....# #......##......
#....# ###.%..@Y......
####.#####..#.#.......
#####.#......#.####....
##....[.....###.# ...
....#...........# .
....#......######
...........#
....#......#
#####......#


You could see a yak.

Vanquished Creatures
  Sigmund (D:2)
  2 yaks (D:6)
  3 ogres
  A phantom (D:6)
  3 scorpions
  A howler monkey (D:4)
  3 hounds
  4 jellies
  Terence (D:1)
  An orc wizard (D:5)
  Natasha (thrice) (D:4)
  3 iguanas
  A malarious merfolk avatar (Sewer)
  A sickly merfolk siren (Sewer)
  9 adders
  A white imp (D:5)
  An ufetubus (D:5)
  A dart slug (D:3)
  12 orcs
  12 ball pythons
  4 bats
  8 endoplasms
  8 giant cockroaches
  5 goblins
  6 hobgoblins
  3 jackals (D:5)
  4 kobolds
  3 quokkas
  7 frilled lizards
  28 rats
140 creatures vanquished.

Notes
Turn   | Place    | Note
-------+----------+-------------------------------------------
     0 | D:1      | qw the Gargoyle Hunter began the quest for the Orb.
     0 | D:1      | Reached XP level 1. HP: 12/12 MP: 1/1
     0 | D:1      | 0 ||| qw: Version: 0.2-a-29-g767f381
     0 | D:1      | 0 ||| qw: Game counter: 3903
     0 | D:1      | 0 ||| qw: Always use a shield: true
     0 | D:1      | 0 ||| qw: God list: Okawaru
     0 | D:1      | 0 ||| qw: Allow faded altars: false
     0 | D:1      | 0 ||| qw: Do Orc after D:15 true
     0 | D:1      | 0 ||| qw: Do second Lair branch before Depths: true
     0 | D:1      | 0 ||| qw: Lair rune preference: random
     0 | D:1      | 0 ||| qw: Plans: Normal, Zot:1-4, Slime:5, God:TSO, Crypt,
                  | Tomb, Abyss, Pan, Hells, Win
     0 | D:1      | 0 ||| PLANNING D:1-11
    94 | D:1      | Reached XP level 2. HP: 17/17 MP: 2/2
   144 | D:1      | You fall into a shaft and drop 1 floor!
   197 | D:2      | 197 ||| READING scroll labelled EXETHO SOLECE.
   198 | D:2      | 198 ||| READING scroll labelled VIME NAGOPNUQUMUU.
   199 | D:2      | 199 ||| READING scroll labelled ARA WORAORR.
   200 | D:2      | 200 ||| READING scroll labelled GEABOA BITZUB.
   201 | D:2      | 201 ||| READING scroll labelled ESTAPR DUKLI.
   204 | D:2      | 204 ||| DROPPING scroll of butterflies.
   207 | D:2      | 207 ||| FLEEEEING.
   208 | D:2      | 208 ||| FLEEEEING.
   212 | D:2      | 212 ||| STAIRDANCE
   516 | D:1      | 516 ||| UPGRADING to +0 ring mail.
   526 | D:1      | 526 ||| DROPPING +0 leather armour.
   527 | D:1      | 527 ||| READING scroll labelled PISOOCS QASH.
   538 | D:2      | Noticed Terence
   542 | D:2      | 542 ||| STAIRDANCE
   547 | D:1      | Reached skill level 1 in Armour
   547 | D:1      | Reached XP level 3. HP: 16/21 MP: 3/3
   559 | D:1      | Killed Terence
   560 | D:1      | Reached skill level 5 in Ranged Weapons
   560 | D:1      | Reached XP level 4. HP: 8/26 MP: 4/4
   728 | D:2      | Found a runed translucent door.
   729 | D:2      | Noticed Crazy Yiuf
   786 | D:2      | Reached skill level 3 in Fighting
   905 | D:2      | Noticed Sigmund
   908 | D:2      | 908 ||| FLEEEEING.
   911 | D:2      | 911 ||| FLEEEEING.
   912 | D:2      | 912 ||| FLEEEEING.
   920 | D:2      | 920 ||| STAIRDANCE
   938 | D:1      | 938 ||| UPGRADING to +4 ring of protection.
   939 | D:1      | 939 ||| READING scroll labelled NITEZU TAUR.
   940 | D:1      | 940 ||| READING scroll labelled YPASSEF DUGO.
   967 | D:2      | Killed Sigmund
   968 | D:2      | Reached skill level 6 in Ranged Weapons
   968 | D:2      | Reached XP level 5. HP: 20/32 MP: 5/5
   968 | D:2      | Reached XP level 6. HP: 23/37 MP: 6/6
  1163 | D:2      | 1163 ||| UPGRADING to +2 robe of fire resistance.
  1173 | D:2      | 1173 ||| DROPPING +0 ring mail.
  1174 | D:2      | 1174 ||| READING 2 scrolls of identify.
  1174 | D:2      | 1174 ||| IDENTIFYING coppery potion
  1268 | D:3      | Found an iron altar of Okawaru.
  1269 | D:3      | 1269 ||| PLANNING OKAWARU WORSHIP
  1269 | D:3      | 1269 ||| READING scroll labelled DIARAY PENKI.
  1270 | D:3      | 1270 ||| READING scroll labelled XUAMUO GOEGU.
  1275 | D:3      | Became a worshipper of Warmaster Okawaru
  1275 | D:3      | 1275 ||| PLANNING D:1-11
  1476 | D:3      | Found a broken altar of Ashenzari.
  1607 | D:3      | Found a radiant altar of Vehumet.
  1607 | D:3      | Found a basalt altar of Yredelemnul.
  1691 | D:3      | 1691 ||| DRINKING 2 sedimented ruby potions.
  1692 | D:3      | 1692 ||| DROPPING potion of brilliance.
  1713 | D:4      | 1713 ||| PLANNING SEWER
  1749 | D:4      | HP: 9/38 [scorpion (6)]
  1750 | D:4      | 1750 ||| READING scroll of teleportation.
  1753 | D:4      | Found a staircase to the Ecumenical Temple.
  1754 | D:4      | Reached skill level 7 in Ranged Weapons
  1867 | D:4      | Reached XP level 7. HP: 43/43 MP: 7/7
  1903 | D:4      | Found a glowing drain.
  1953 | D:4      | Noticed Natasha
  1954 | D:4      | 1954 ||| Stepping ~*~*~tactically~*~*~ (water).
  1963 | D:4      | Killed Natasha
  1977 | Sewer    | Entered a sewer
  1979 | Sewer    | 1979 ||| Stepping ~*~*~tactically~*~*~ (water).
  1983 | Sewer    | 1983 ||| Stepping ~*~*~tactically~*~*~ (water).
  2184 | Sewer    | 2184 ||| Stepping ~*~*~tactically~*~*~ (water).
  2187 | Sewer    | 2187 ||| Stepping ~*~*~tactically~*~*~ (water).
  2213 | Sewer    | 2213 ||| Stepping ~*~*~tactically~*~*~ (water).
  2368 | D:4      | 2368 ||| PLANNING D:1-11
  2435 | D:4      | Noticed Natasha
  2451 | D:4      | Killed Natasha
  2502 | D:4      | Reached skill level 8 in Ranged Weapons
  2580 | D:4      | Noticed Natasha
  2587 | D:4      | Killed Natasha
  2717 | D:4      | Reached * piety under Okawaru
  2732 | D:4      | Identified the +0 leather armour of Zoqoy {rC+ rCorr
                  | Stlth-}
  2783 | D:4      | 2783 ||| UPGRADING to +0 leather armour of Zoqoy {rC+ rCorr
                  | Stlth-}.
  2815 | D:5      | Entered Level 5 of the Dungeon
  2816 | D:5      | 2816 ||| PLANNING OSSUARY
  2899 | D:5      | Reached XP level 8. HP: 49/49 MP: 8/8
  2987 | D:5      | 2987 ||| INVOKING Heroism.
  2992 | D:5      | Reached skill level 1 in Invocations
  3002 | D:5      | 3002 ||| INVOKING Heroism.
  3075 | D:5      | 3075 ||| INVOKING Heroism.
  3112 | D:5      | 3112 ||| SWAPPING to +0 arbalest.
  3113 | D:5      | 3113 ||| DROPPING +1 shortbow.
  3262 | D:5      | 3262 ||| FLEEEEING.
  3263 | D:5      | 3263 ||| FLEEEEING.
  3264 | D:5      | 3264 ||| FLEEEEING.
  3265 | D:5      | 3265 ||| FLEEEEING.
  3266 | D:5      | 3266 ||| FLEEEEING.
  3267 | D:5      | 3267 ||| FLEEEEING.
  3268 | D:5      | 3268 ||| FLEEEEING.
  3269 | D:5      | 3269 ||| FLEEEEING.
  3271 | D:5      | 3271 ||| FLEEEEING.
  3272 | D:5      | 3272 ||| FLEEEEING.
  3277 | D:5      | 3277 ||| FLEEEEING.
  3278 | D:5      | 3278 ||| FLEEEEING.
  3279 | D:5      | 3279 ||| FLEEEEING.
  3282 | D:5      | 3282 ||| STAIRDANCE
  3340 | D:4      | 3340 ||| READING scroll labelled XETEZO REUS.
  3343 | D:5      | 3343 ||| STAIRDANCE
  3373 | D:5      | Reached skill level 9 in Ranged Weapons
  3406 | D:5      | Reached skill level 3 in Invocations
  3516 | D:5      | 3516 ||| RIP OSSUARY
  3595 | D:5      | 3595 ||| PLANNING D:1-11
  3632 | D:6      | 3632 ||| INVOKING Heroism.
  3680 | D:6      | 3680 ||| INVOKING Heroism.
  3778 | D:6      | Noticed a yak
  3778 | D:6      | Noticed a yak
  3780 | D:6      | Noticed a yak
  3785 | D:6      | Killed a yak
  3786 | D:6      | Reached skill level 6 in Fighting
  3789 | D:6      | 3789 ||| INVOKING Heroism.
  3791 | D:6      | Killed a yak
  3792 | D:6      | Reached XP level 9. HP: 23/56 MP: 8/11
  3793 | D:6      | HP: 8/56 [yak (13)]
  3794 | D:6      | 3794 ||| READING 4 scrolls of teleportation.
  3794 | D:6      | Slain by a yak

Levels and vault maps discovered:
D:1:      tarquinn_simple_flora_water_a, layout_rooms, minmay_misc_feat_room
D:2:      layout_rooms, uniq_terence, uniq_sigmund, uniq_crazy_yiuf_cottage
D:3:      layout_rooms, mainiacjoe_overflow_six_doors_small,
          nicolae_overflow_two_pavilions, ashenzari_conservatory_becter,
          grunt_ministairs_10
D:4:      layout_basic, minmay_temple_entry_gardened_gates,
          portal_sewer_entry_f, uniq_natasha
D:5:      layout_loops_ring, nicolae_ossuary_entry_plus
D:6:      layout_basic, xom_teletrap_fun, uniq_maggie

Skill      XL: |  1  2  3  4  5  6  7  8 |
---------------+-------------------------+-----
Armour         | 1 |  1.2
Ranged Weapons | 5 6 7 8 9 |  9.4
Fighting       | 3 4 5 6 |  6.7
Dodging        | 2 |  2.0
Invocations    | 3 |  3.4
Stealth        | |  1.1

Action                     |  1- 3 |  4- 6 |  7- 9 || total
---------------------------+-------+-------+-------++-------
   Fire: Shortbow          |    69 |   118 |   250 ||   437
         Arbalest          |       |       |    52 ||    52
 Invoke: Heroism           |       |       |     6 ||     6
    Use: Scroll            |     6 |     6 |     2 ||    14
         Potion            |       |     1 |       ||     1
 Armour: Leather armour    |     9 |       |    21 ||    30
         Ring mail         |    20 |    11 |       ||    31
         Robe              |       |    15 |    37 ||    52
  Dodge: Dodged            |    45 |    43 |    93 ||   181

Table legend:
 A = Non-vault XP
 B = Vault XP
 C = Vault XP percentage of total XP
 D = Non-vault monster count
 E = Vault monster count
 F = Vault count percentage of total count
                 A         B        C        D         E       F
            +---------+---------+-------+---------+---------+-------
      Total |    1892 |     466 |  19.8 |      91 |      49 |  35.0
            +---------+---------+-------+---------+---------+-------
        D:1 |      46 |      36 |  43.9 |      14 |       1 |   6.7
        D:2 |      45 |     239 |  84.2 |      21 |       1 |   4.5
        D:3 |      33 |       4 |  10.8 |      10 |       2 |  16.7
        D:4 |     544 |      45 |   7.6 |      19 |       6 |  24.0
        D:5 |     586 |       0 |   0.0 |      22 |       0 |   0.0
        D:6 |     638 |       0 |   0.0 |       5 |       0 |   0.0
      Sewer |       0 |     142 | 100.0 |       0 |      39 | 100.0
            +---------+---------+-------+---------+---------+-------
